 Dungeon Crawl Stone Soup version 0.29.1-2-gbd0b4ee654 (webtiles) character file.

Game seed: 8018018012136955193

2902 Raikaria the Trooper (level 9, -9/80 (84) HPs)
             Began as an Ogre Ice Elementalist on Nov 7, 2022.
             Was a Follower of Ashenzari.
             Mangled by a boulder beetle (22 damage)
             ... on level 8 of the Dungeon.
             The game lasted 00:26:36 (8923 turns).

Raikaria the Trooper (Ogre Ice Elementalist)        Turns: 8923, Time: 00:26:37

HP:   -9/80 (84)    AC:  5    Str: 16    XL:     9   Next: 78%
MP:   12/20         EV: 10    Int: 18    God:    Ashenzari [*.....]
Gold: 399           SH:  4    Dex:  9    Spells: 12/23 levels left

rFire   + . .      SeeInvis .   L - staff of cold (curse) {Cun, Evo}
rCold   + . .      Faith    .   (no shield)
rNeg    . . .      Spirit   .   a - +0 robe
rPois   .          Reflect  .   (helmet restricted)
rElec   .          Harm     .   v - +1 cloak "Circumscribed Together" {Fort, Bglg} (curse)
rCorr   .          Rampage  .   (gloves unavailable)
Will    .....                   (boots unavailable)
Stlth   ++........              (no amulet)
HPRegen 0.23/turn               C - ring of wizardry
MPRegen 0.17/turn               x - ring of protection from fire

@: lightly drained, unable to drink
A: large, unfitting armour, tough skin 1, large bone plates 1, frail 1,
inability to drink after injury 1
a: Renounce Religion, Shatter the Chains


You were on level 8 of the Dungeon.
You worshipped Ashenzari.
Ashenzari was aware of your devotion.
You visited 2 branches of the dungeon, and saw 10 of its levels.

You collected 399 gold pieces.

Inventory:

Hand Weapons
 d - a +0 whip
 q - the +10 whip "Ihuolet" {speed, rN+ MP+9 Dex-4}
   (You found it on level 3 of the Dungeon)

   Attacks with this weapon are significantly faster.
   Dex:       It affects your dexterity (-4).
   rN:        It protects you from negative energy.
   MP:        It affects your magic capacity (+9).
Missiles
 c - 5 silver javelins
 D - 2 throwing nets
Armour
 a - a +0 robe (worn)
 v - the cursed +1 cloak "Circumscribed Together" (worn) {Fort, Bglg}
   (You found it on level 4 of the Dungeon)

   It has a curse which improves the following skills: Fortitude: Armour and
   Shields.
   Beguiling: Conjurations, Hexes and Translocations.
Magical Staves
 e - a staff of air
 L - a cursed staff of cold (weapon) {Cun, Evo}
Jewellery
 h - a ring of resist corrosion
 j - a ring of fire
 x - a ring of protection from fire (right hand)
 C - a ring of wizardry (left hand)
Wands
 B - a wand of mindburst (14)
 H - a wand of quicksilver (4)
 I - a wand of flame (22)
 J - a wand of roots (4)
Scrolls
 f - 3 scrolls of vulnerability
 i - 2 scrolls of teleportation
 k - 4 scrolls of identify
 l - a scroll of noise
 p - a scroll of fear
 s - a scroll of immolation
 t - 3 scrolls of butterflies
 w - a scroll of poison
 y - 2 scrolls of magic mapping
 E - a scroll of torment
 G - a scroll of enchant armour
Potions
 b - a potion of magic
 g - a potion of invisibility
 m - a potion of cancellation
 n - 3 potions of ambrosia
 o - 3 potions of heal wounds
 r - a potion of haste
 u - 2 potions of degeneration
 z - 3 potions of curing
 A - 3 potions of might
 F - a potion of flight
 K - 2 potions of lignification
 M - 2 potions of brilliance


   Skills:
 + Level 7.7 Fighting
 - Level 5.1(5.3) Maces & Flails
 + Level 0.8(1.5) Polearms
 - Level 2.0(4.2) Staves
 - Level 3.0(3.7) Dodging
 - Level 1.4(2.0) Stealth
 + Level 7.6 Spellcasting
 + Level 2.7(3.4) Conjurations
 - Level 6.3 Ice Magic
 + Level 0.5(1.0) Evocations


You had 12 spell levels left.
You knew the following spells:

 Your Spells              Type           Power      Damage    Failure   Level
a - Freeze                Ice            100%       1d11      1%          1
b - Frozen Ramparts       Ice            88%        1d14      1%          3
c - Ozocubu's Armour      Ice            44%        N/A       1%          3
d - Hailstorm             Conj/Ice       37%        3d9       5%          4

Your spell library contained the following spells:

 Spells                   Type           Power      Damage    Failure   Level
 Foxfire                  Conj/Fire      52%        2x1d6     1%          1
 Sting                    Tmut/Pois      24%        1d4       4%          1
 Poisonous Vapours        Pois/Air       12%        N/A       6%          2
 Conjure Flame            Conj/Fire      13%        6-21      6%          3
 Inner Flame              Hex/Fire       7%         N/A       12%         3
 Flame Wave               Conj/Fire      13%        2d6       21%         4
 Olgreb's Toxic Radiance  Pois           6%         N/A       36%         4


Dungeon Overview and Level Annotations

Branches:
Dungeon (9/15)             Temple (1/1) D:4
   Lair: D:8-11         Orc: D:9-12

Altars:
Ashenzari
Cheibriados
Dithmenos
Elyvilon
Gozag
Kikubaaqudgha
Nemelex Xobeh
Okawaru
Ru
Sif Muna
Trog
Vehumet
Wu Jian
Xom
The Shining One

Shops:
D:5 [

Annotations:
D:6 Grinder


Innate Abilities, Weirdness & Mutations

You are too large for most types of armour.
You have tough skin. (AC +1)
You are partially covered in large bone plates. (SH +4)
You are frail. (-10% HP)
You occasionally lose the ability to drink potions when taking damage.


Message History

You hit the boulder beetle but do no damage.
You freeze the boulder beetle!
The boulder beetle is lightly wounded.
The wall freezes the boulder beetle but does no damage.
The boulder beetle bites you!!
You hit the boulder beetle but do no damage.
The boulder beetle is lightly wounded.
The wall freezes the boulder beetle but does no damage.
The boulder beetle bites you but does no damage.
You completely miss the boulder beetle.
The boulder beetle is lightly wounded.
The wall freezes the boulder beetle but does no damage.
The boulder beetle bites you!!
You feel threatened and lose the ability to drink potions!
You hit the boulder beetle but do no damage.
The boulder beetle is lightly wounded.
The wall freezes the boulder beetle!
The boulder beetle bites you but does no damage.
Your icy armour and frozen ramparts will break if you move.
Continue?
Okay, then.
You hit the boulder beetle but do no damage.
You freeze the boulder beetle.
The boulder beetle is moderately wounded.
The wall freezes the boulder beetle but does no damage.
The boulder beetle waves its antennae.
The boulder beetle bites you but does no damage.
You hit the boulder beetle but do no damage.
The boulder beetle is lightly wounded.
The wall freezes the boulder beetle.
The boulder beetle bites you.
* * * LOW HITPOINT WARNING * * *
Your icy armour and frozen ramparts will break if you move.
Continue?
Your icy armour cracks and falls away as you move.
The frozen ramparts melt away as you move.
You see here a +0 trident.
The boulder beetle attacks as you move away!
The boulder beetle bites you!
* * * LOW HITPOINT WARNING * * *
The boulder beetle attacks as you move away!
The boulder beetle bites you!!
You die...

###### .....#
.###.# .# #.# ####
### .###.###### #..
..# ..........#
####.# #.#
..##.####.####.##.#
#.# ..##.#
#.........# #.#
..##.#
####....@.#####.#
.....#
##..B#<##.##.#####
#.####
##.##.......(...##
#.#####
#)#####.#####...##
......# #.# ###
##.#.#.## #.###.##
##'## ##.##.##.##
.......# ##...##
#.##..###.#
#.###..# ##.....##
##.#.###.##
#..#...#
##.......##
##...##.##


You could see a boulder beetle.

Vanquished Creatures
  2 steam dragons (D:6)
  Duvessa (D:4)
  3 ice beasts
  A black bear (D:6)
  4 ogres
  3 centaurs
  A phantom (D:6)
  3 bullfrogs (D:7)
  2 necrophages
  2 gnoll sergeants
  5 wights
  Dowan (D:4)
  A howler monkey (D:6)
  2 jellies
  A hound (D:6)
  Crazy Yiuf (D:7)
  5 orc priests
  3 iguanas
  6 orc wizards
  9 gnolls
  6 adders
  A white imp (D:4)
  An ufetubus (D:6)
  2 worms
  4 dart slugs
  11 orcs
  6 ball pythons
  11 endoplasms
  4 giant cockroaches
  5 goblins
  9 hobgoblins
  4 jackals (D:3)
  3 quokkas
  5 bats
  2 frilled lizards (D:1)
  6 kobolds
  4 rats
140 creatures vanquished.

Vanquished Creatures (others)
  An orc (D:6)
  2 plants
3 creatures vanquished.

Grand Total: 143 creatures vanquished

Notes
Turn   | Place    | Note
-------+----------+-------------------------------------------
     0 | D:1      | Raikaria the Ogre Ice Elementalist began the quest for the
                  | Orb.
     0 | D:1      | Reached XP level 1. HP: 16/16 MP: 3/3
   136 | D:1      | Reached XP level 2. HP: 23/24 MP: 0/5
   607 | D:1      | Found a faded altar of an unknown god.
   747 | D:1      | Reached XP level 3. HP: 22/31 MP: 7/7
   756 | D:1      | Learned a level 3 spell: Frozen Ramparts
   760 | D:1      | Learned a level 3 spell: Ozocubu's Armour
  1262 | D:3      | Found a snail-covered altar of Cheibriados.
  1789 | D:2      | Reached skill level 1 in Staves
  1924 | D:3      | Reached XP level 4. HP: 39/39 MP: 4/8
  1980 | D:3      | Reached XP level 5. HP: 42/45 MP: 2/10
  2053 | D:3      | Found a sparkling altar of Nemelex Xobeh.
  2320 | D:3      | Identified the +10 whip "Ihuolet" {speed, rN+ MP+9 Dex-4}
  2753 | D:5      | Entered Level 5 of the Dungeon
  2905 | D:4      | Found a staircase to the Ecumenical Temple.
  2939 | D:4      | Reached skill level 1 in Fighting
  2939 | D:4      | Reached XP level 6. HP: 55/55 MP: 12/12
  3114 | Temple   | Entered the Ecumenical Temple
  3205 | D:4      | Found a shimmering altar of Xom.
  3246 | D:4      | Reached skill level 1 in Maces & Flails
  3660 | D:4      | Found an ornate altar of the Wu Jian Council.
  3660 | D:4      | Noticed Dowan
  3661 | D:4      | Noticed Duvessa
  3674 | D:4      | Killed Duvessa
  3675 | D:4      | Reached XP level 7. HP: 18/66 MP: 13/13
  3675 | D:4      | Killed Dowan
  3676 | D:4      | Reached skill level 5 in Ice Magic
  4434 | D:5      | Reached skill level 5 in Spellcasting
  4443 | D:5      | Identified the +5 ring mail "Baddud" {-Tele rCorr MP+9
                  | Int-5}
  4601 | D:5      | Found a broken altar of Ashenzari.
  4606 | D:5      | Became a worshipper of Ashenzari the Shackled
  4717 | D:5      | Reached XP level 8. HP: 45/78 MP: 16/16
  5254 | D:6      | Reached skill level 5 in Fighting
  5256 | D:6      | Gained mutation: Your body sometimes deteriorates upon
                  | taking damage. [potion of mutation]
  5256 | D:6      | Gained mutation: Your flesh is heat resistant. (rF+)
                  | [potion of mutation]
  5256 | D:6      | Gained mutation: You have a pair of small horns on your
                  | head. [potion of mutation]
  5506 | D:6      | Lost mutation: Your body sometimes deteriorates upon taking
                  | damage. [potion of mutation]
  5506 | D:6      | Lost mutation: You have a pair of small horns on your head.
                  | [potion of mutation]
  5506 | D:6      | Lost mutation: Your flesh is heat resistant. (rF+) [potion
                  | of mutation]
  5506 | D:6      | Gained mutation: Armour fits poorly on your strangely
                  | shaped body. [potion of mutation]
  5506 | D:6      | Gained mutation: You occasionally lose the ability to drink
                  | potions when taking damage. [potion of mutation]
  5506 | D:6      | Gained mutation: You are dopey. (Int -2) [potion of
                  | mutation]
  5507 | D:6      | Lost mutation: You are dopey. (Int -2) [potion of mutation]
  5507 | D:6      | Lost mutation: Armour fits poorly on your strangely shaped
                  | body. [potion of mutation]
  5507 | D:6      | Gained mutation: You are partially covered in large bone
                  | plates. (SH +4) [potion of mutation]
  5507 | D:6      | Gained mutation: You are frail. (-10% HP) [potion of
                  | mutation]
  5633 | D:6      | Found an ancient bone altar of Kikubaaqudgha.
  5674 | D:6      | Noticed Grinder
  5816 | D:6      | Reached XP level 9. HP: 72/80 MP: 18/18
  5944 | D:6      | Learned a level 4 spell: Hailstorm
  6060 | D:6      | Reached skill level 1 in Conjurations
  6233 | D:6      | Found a glowing golden altar of the Shining One.
  6655 | D:5      | Found Vagul's Antique Armour Shoppe.
  6940 | D:7      | Found a white marble altar of Elyvilon.
  7340 | D:7      | Reached skill level 5 in Maces & Flails
  7793 | D:7      | Found a shadowy altar of Dithmenos.
  7954 | D:7      | Found a runed translucent door.
  7955 | D:7      | Noticed Crazy Yiuf
  7966 | D:7      | Killed Crazy Yiuf
  8004 | D:7      | Reached * piety under Ashenzari
  8496 | D:8      | HP: 2/77 [something (4)]
  8907 | D:8      | Noticed a boulder beetle
  8923 | D:8      | Mangled by a boulder beetle

Illustrated notes

Levels and vault maps discovered:
D:1:      lightli_arrival_lavapool, layout_rooms,
          dilly_ecumenical_altar_fadedgnrine, minmay_tromino_mix6
D:2:      layout_loops_ring
D:3:      layout_rooms, overflow_temple_1_default, overflow_temple_1_default
D:4:      layout_loops_corners, nicolae_wu_jian_immortal_techniques,
          general_overflow_altar, minmay_temple_entry_mini_moons, uniq_duvessa
D:5:      layout_loops_corners, lemuel_doored_altar, serial_shops,
          nicolae_shop_stone, serial_rivers, chequers_serial_rivers_micro_b,
          chequers_serial_rivers_micro_a, chequers_serial_rivers_micro_c,
          chequers_serial_rivers_large_b, chequers_serial_rivers_small_b,
          chequers_serial_rivers_micro_a, minmay_misc_feat_chi,
          minmay_starry_boxes
D:6:      cheibrodos_helix_gallery, layout_loops_ring, marbit_many_paths,
          kennysheep_little_box, tso_oasis_becter, uniq_grinder
D:7:      layout_loops_ring, nicolae_dithmenos_through_a_glass_darkly,
          overflow_temple_1_default, uniq_crazy_yiuf_cottage
D:8:      layout_loops_corners, nicolae_uskayaw_suspiria, serial_shops, shop,
          supply_closet_lemuel, kennysheep_doodads, uniq_joseph
D:9:      layout_roguey, mainiacjoe_overflow_small_starburst, erik_lair_island,
          lemuel_flame_loot_1, uniq_prince_ribbit1
Temple:   hellmonk_temple_two_chambers

Skill      XL: |  1  2  3  4  5  6  7  8  9 |
---------------+----------------------------+-----
Dodging        | 2 3 |  3.0
Spellcasting   | 3 4 5 6 7 |  7.6
Ice Magic      | 4 5 6 |  6.3
Staves         | 1 2 |  2.0
Fighting       | 1 2 4 6 7 |  7.7
Maces & Flails | 1 2 4 5 |  5.1
Conjurations   | 2 |  2.7
Polearms       | |  0.8
Stealth        | |  1.4
Evocations     | |  0.5

Action                   |  1- 3 |  4- 6 |  7- 9 || total
-------------------------+-------+-------+-------++-------
Melee: Staff             |    63 |    14 |    63 ||   140
       Unarmed           |     7 |       |       ||     7
       Punch             |     1 |     1 |     3 ||     5
       Whip              |       |    65 |   153 ||   218
       Headbutt          |       |       |     1 ||     1
 Cast: Freeze            |    45 |    17 |     2 ||    64
       Ozocubu's Armour  |       |     5 |    14 ||    19
       Frozen Ramparts   |       |     5 |     8 ||    13
       Hailstorm         |       |       |     6 ||     6
Invok: Curse Item        |       |       |     2 ||     2
  Use: Potion            |       |       |     3 ||     3
 Stab: Sleeping          |       |     1 |       ||     1
Armor: Robe              |    33 |    33 |   103 ||   169
Dodge: Dodged            |    47 |    34 |    56 ||   137
Block: Other             |       |       |    27 ||    27
